Map: Overgrown Facility

Players

Faust

  • Race: Protoss Protoss
  • League: Diamond
  • Spawn Location: 7:00

Throwfordays

  • Race: Protoss Protoss
  • League: Silver
  • Spawn Location: 9:00

protosshero

  • Race: Protoss Protoss
  • Spawn Location: 1:00

JJZ

  • Race: Zerg Zerg
  • League: Bronze
  • Spawn Location: 3:00

VOD

Have the link to the VOD?

Description

Time

  • Played on: Feb. 28, 2019, 3:20 p.m.
  • Length: 13:44
Show
View Real Time Build Order
Export as new Build Order

Faust Protoss 

Build Orders: Mass Adepts 

Get SALT Encoding   

  12  0:01  Probe  
  13  0:13  Probe  
  14  0:18  Pylon  
  14  0:25  Probe  
  15  0:37  Probe  
  15  0:42  Gateway  
  16  0:46  Probe  
  17  0:54  Probe  
  17  0:58  Assimilator  
  17  1:03  Probe  
  19  1:24  Probe  
  20  1:29  Zealot  
  20  1:30  Cybernetics Core  
  22  1:45  Pylon  
  22  1:48  Warp Gate  
  22  1:49  Probe  
  23  2:00  Nexus  
  23  2:03  Probe  
  24  2:15  Adept  
  26  2:17  Probe  
  27  2:26  Pylon  
  27  2:29  Probe  
  28  2:34  Assimilator  
  28  2:51  Gateway, Probe  
  29  3:03  Probe  
  30  3:12  Adept  
  32  3:15  Probe  
  32  3:17  Pylon  
  33  3:20  Probe  
  34  3:31  Gateway  
  34  3:34  Gateway  
  34  3:36  Probe x2  
  36  3:47  Probe  
  36  3:48  Probe  
  36  3:55  Forge, Probe  
  38  3:56  Probe  
  40  4:03  Probe  
  40  4:04  Adept  
  40  4:05  Adept  
  43  4:26  Adept x2  
  43  4:27  Adept  
  49  4:32  Adept  
  51  4:41  Probe  
  51  4:42  Probe  
  53  4:49  Adept x2  
  53  4:50  Assimilator, Adept  
  59  4:52  Adept  
  59  4:54  Assimilator, Probe  
  62  5:09  Probe x2  
  62  5:10  Photon Cannon  
  62  5:12  Photon Cannon  
  62  5:20  Pylon  
  62  5:36  Probe  
  57  5:47  Adept x4  
  65  5:52  Twilight Council, Probe  
  65  5:53  Probe  
  65  5:54  Protoss Ground Weapons Level 1  
  63  6:05  Photon Cannon, Probe x2  
  63  6:08  Photon Cannon  
  63  6:10  Photon Cannon  
  65  6:21  Pylon  
  65  6:27  Pylon  
  65  6:31  Pylon  
  65  6:32  Resonating Glaives  
  65  6:35  Forge  
  65  6:39  Probe x2  
  67  6:44  Stalker  
  67  6:45  Stalker  
  67  6:47  Stalker x2  
  73  6:51  Probe x2  
  73  6:52  Protoss Shields Level 1  
  77  7:03  Probe  
  78  7:12  Probe  
  79  7:15  Probe  
  80  7:24  Probe  
  80  7:26  Nexus, Pylon  
  80  7:27  Probe  
  80  7:28  Pylon  
  82  7:36  Probe  
  83  7:42  Probe  
  84  7:48  Probe  
  85  7:54  Stalker x2, Probe  
  85  7:55  Stalker x2  
  94  8:00  Probe  
  71  8:54  Stalker x2  
  71  8:55  Stalker x2  
  73  9:02  Gateway  
  67  9:03  Gateway  
  67  9:05  Gateway  
  67  9:06  Pylon  
  67  9:08  Gateway  
  65  9:13  Protoss Ground Armor Level 1  
  62  9:29  Charge  
  48  9:34  Stalker x4  
  51  9:44  Stargate  
  51  9:47  Robotics Facility  
  51  10:05  Stalker x3  
  51  10:07  Stalker x3  
  51  10:08  Stalker x2  
  59  10:25  Oracle  
  36  11:03  Pylon  
  35  11:05  Pylon  
  35  11:08  Gateway  
  35  11:10  Gateway  
  31  11:13  Gateway  
  31  11:14  Gateway  
Show
View Real Time Build Order
Export as new Build Order

Throwfordays Protoss 

Build Orders: Nexus First 

Get SALT Encoding   

  12  0:01  Probe  
  13  0:13  Probe  
  14  0:19  Pylon  
  14  0:25  Probe  
  15  0:37  Probe  
  16  0:57  Nexus  
  16  1:00  Probe  
  17  1:09  Pylon  
  17  1:19  Gateway  
  17  1:29  Forge  
  17  1:47  Gateway  
  17  1:50  Gateway  
  17  1:56  Assimilator  
  17  2:07  Cybernetics Core  
  17  2:13  Zealot  
  19  2:16  Probe  
  20  2:28  Probe  
  21  2:33  Probe  
  21  2:34  Zealot, Warp Gate  
  24  2:40  Probe  
  24  2:41  Probe  
  25  2:50  Probe  
  27  3:00  Zealot  
  27  3:02  Probe  
  30  3:06  Zealot  
  30  3:10  Probe  
  32  3:18  Probe  
  33  3:24  Protoss Ground Weapons Level 1  
  33  3:25  Pylon  
  34  3:28  Probe  
  34  3:29  Assimilator  
  34  3:32  Pylon  
  35  3:39  Probe  
  36  3:47  Probe  
  36  3:55  Probe  
  37  3:58  Photon Cannon  
  38  4:03  Photon Cannon  
  38  4:07  Probe  
  39  4:10  Photon Cannon  
  39  4:19  Probe  
  40  4:27  Zealot x2  
  40  4:28  Zealot  
  44  4:32  Probe  
  45  4:43  Probe  
  45  4:44  Probe  
  47  4:53  Photon Cannon  
  47  4:55  Photon Cannon, Probe  
  47  4:56  Probe  
  47  4:58  Photon Cannon  
  49  5:01  Stargate  
  49  5:04  Protoss Air Weapons Level 1  
  49  5:07  Probe  
  50  5:18  Pylon  
  50  5:19  Probe  
  51  5:21  Pylon  
  51  5:22  Protoss Ground Armor Level 1  
  51  5:31  Probe  
  52  5:36  Probe  
  53  5:48  Probe  
  54  5:52  Assimilator  
  54  5:55  Photon Cannon  
  54  5:58  Photon Cannon  
  54  6:00  Photon Cannon  
  54  6:04  Assimilator  
  54  6:08  Twilight Council, Zealot  
  54  6:09  Zealot  
  58  6:22  Forge  
  58  6:37  Pylon  
  58  6:43  Pylon  
  58  6:49  Robotics Facility  
  58  6:57  Nexus  
  58  6:59  Pylon  
  58  7:01  Pylon  
  58  7:07  Protoss Ground Weapons Level 2  
  58  7:08  Charge, Pylon  
  58  7:14  Protoss Ground Armor Level 2  
  58  7:17  Assimilator  
  58  7:18  Probe  
  58  7:21  Probe  
  58  7:22  Assimilator  
  60  7:30  Probe  
  60  7:33  Probe  
  60  7:37  Observer  
  63  7:42  Probe  
  64  7:48  Probe  
  65  7:58  Observer  
  66  8:00  Probe  
  66  8:02  Fleet Beacon  
  67  8:09  Probe  
  67  8:12  Probe  
  69  8:14  Zealot  
  69  8:15  Zealot x2  
  75  8:21  Probe  
  75  8:24  Probe  
  76  8:31  Observer  
  76  8:33  Probe  
  78  8:36  Probe  
  79  8:45  Probe  
  79  8:48  Probe  
  80  8:56  Zealot x3  
  80  8:57  Probe  
  80  9:00  Probe  
  88  9:06  Immortal  
  71  9:27  Stalker x2  
  71  9:29  Stalker  
  77  9:38  Probe  
  78  9:42  Stargate  
  78  9:45  Stargate, Immortal  
  82  9:47  Stargate  
  82  9:50  Probe  
  83  9:55  Stalker x2  
  83  9:56  Stalker  
  84  10:02  Probe  
  83  10:14  Probe  
  78  10:24  Immortal  
  78  10:26  Probe  
  78  10:27  Stalker x2  
  79  10:28  Stalker  
  79  10:33  Void Ray x2  
  79  10:34  Void Ray x2  
  85  11:02  Stalker  
  85  11:03  Stalker x2  
  90  11:16  Void Ray x4  
  84  11:59  Carrier  
  84  12:00  Carrier  
  80  12:03  Void Ray  
  80  12:04  Void Ray  
  100  12:21  Nexus  
  100  12:22  Stargate  
  100  12:25  Stargate  
  100  12:28  Carrier  
  100  12:30  Stargate  
  100  12:31  Immortal  
  100  12:33  Cybernetics Core  
  100  12:34  Void Ray  
  100  12:35  Stalker x3  
  120  13:04  Stalker x2  
  120  13:05  Pylon  
  124  13:10  Observer, Photon Cannon  
  124  13:12  Photon Cannon  
  124  13:16  Shield Battery  
  112  13:21  Pylon  
  112  13:24  Pylon  
  112  13:26  Pylon  
Show
View Real Time Build Order
Export as new Build Order

protosshero Protoss 

Build Orders: Oracle Opening 

Get SALT Encoding   

  12  0:01  Probe  
  13  0:13  Probe  
  14  0:25  Pylon  
  14  0:29  Probe  
  15  0:42  Probe  
  15  0:46  Gateway  
  15  0:49  Assimilator  
  16  0:50  Probe  
  17  0:58  Probe  
  18  1:09  Probe  
  19  1:17  Assimilator  
  19  1:21  Pylon, Probe  
  20  1:32  Cybernetics Core  
  20  1:33  Probe  
  21  1:45  Probe  
  22  1:49  Warp Gate  
  22  1:50  Pylon  
  24  2:00  Zealot  
  24  2:05  Gateway  
  24  2:07  Pylon  
  24  2:27  Stalker  
  24  2:28  Gateway  
  26  2:40  Stargate  
  26  3:05  Pylon  
  26  3:07  Gateway  
  26  3:08  Pylon  
  26  3:11  Probe  
  27  3:23  Probe  
  28  3:28  Forge  
  28  3:32  Probe  
  28  3:40  Probe  
  29  3:45  Protoss Ground Weapons Level 1, Oracle  
  33  3:51  Pylon  
  33  3:59  Pylon  
  33  4:20  Photon Cannon  
  33  4:23  Photon Cannon  
  33  4:27  Photon Cannon  
  33  4:41  Photon Cannon  
  33  4:46  Stalker  
  33  4:51  Zealot  
  37  4:56  Stalker  
  39  5:14  Stalker x2  
  41  5:49  Protoss Ground Armor Level 1  
  41  6:17  Nexus  
  41  6:25  Twilight Council  
  41  6:51  Pylon  
  41  6:53  Stalker x2  
  41  6:54  Stalker x2  
  49  7:03  Charge  
  49  7:16  Shield Battery, Photon Cannon  
  49  7:20  Pylon  
  49  7:36  Probe  
  49  7:40  Probe  
  51  7:44  Probe  
  52  7:52  Probe  
  52  7:54  Probe  
  54  8:01  Protoss Ground Armor Level 2  
  54  8:04  Probe  
  55  8:07  Photon Cannon  
  55  8:12  Pylon  
  55  8:16  Assimilator  
  55  8:20  Assimilator  
  55  8:34  Stalker  
  55  8:35  Stalker  
  52  9:53  Blink  
  52  10:00  Robotics Facility  
  52  10:03  Robotics Facility  
  52  10:06  Stalker x2  
  52  10:07  Stalker x2  
  60  10:17  Protoss Ground Weapons Level 2  
  50  10:37  Stalker x4  
  40  12:02  Immortal x2  
  40  12:05  Stalker x4  
  56  12:37  Stalker x4  
  58  12:42  Immortal x2  
  72  13:01  Stalker x3  
  72  13:02  Stalker  
Show
View Real Time Build Order
Export as new Build Order

JJZ Zerg 

Build Orders: Hatch First, Lurkers 

Get SALT Encoding   

  12  0:01  Drone  
  13  0:08  Drone  
  14  0:19  Overlord  
  14  0:21  Extractor  
  14  0:23  Drone  
  15  0:38  Drone x2  
  17  0:44  Drone  
  18  1:02  Hatchery  
  17  1:07  Extractor  
  16  1:11  Extractor  
  15  1:21  Spawning Pool  
  15  1:24  Drone  
  15  1:29  Drone  
  16  1:37  Extractor, Drone  
  16  1:41  Drone  
  17  1:50  Drone  
  18  1:57  Drone  
  19  2:11  Drone  
  19  2:14  Queen  
  22  2:16  Metabolic Boost  
  22  2:28  Queen  
  22  2:29  Drone  
  25  2:33  Drone  
  26  2:38  Drone  
  26  2:41  Drone  
  28  2:51  Baneling Nest  
  28  2:55  Zergling x2  
  28  3:00  Overlord  
  28  3:02  Overlord  
  28  3:07  Extractor  
  28  3:08  Zergling x2  
  28  3:09  Extractor, Zergling x2  
  30  3:16  Overlord  
  30  3:19  Zergling x4  
  32  3:22  Drone  
  33  3:30  Spore Crawler  
  33  3:33  Spore Crawler  
  31  3:37  Zergling x4  
  33  3:41  Zergling x2  
  33  3:42  Zergling x2  
  33  3:44  Zergling x2  
  36  3:53  Lair  
  36  3:56  Drone  
  36  4:00  Drone  
  38  4:05  Drone  
  38  4:11  Drone  
  38  4:13  Drone  
  38  4:15  Drone x3  
  40  4:30  Drone x6  
  40  4:42  Spine Crawler  
  40  4:45  Drone x2  
  41  4:46  Spine Crawler  
  41  4:52  Drone  
  41  4:58  Overlord  
  41  5:02  Hydralisk Den  
  41  5:04  Extractor, Hatchery  
  41  5:07  Extractor, Zergling x4  
  37  5:09  Zergling x2  
  37  5:10  Zergling x2  
  42  5:14  Zergling x4  
  42  5:17  Zergling x2  
  44  5:24  Zergling x4  
  44  5:25  Zergling x2  
  44  5:28  Zergling x2  
  48  5:29  Zergling x2  
  49  5:37  Drone  
  49  5:43  Drone x4  
  53  5:50  Overlord  
  53  5:52  Overseer  
  53  6:00  Drone  
  53  6:01  Lurker Den, Drone  
  53  6:02  Drone x2  
  53  6:03  Overlord  
  56  6:10  Drone  
  56  6:11  Drone x3  
  60  6:13  Extractor  
  60  6:17  Muscular Augments  
  59  6:19  Drone  
  59  6:21  Drone  
  59  6:24  Drone  
  62  6:29  Drone  
  62  6:32  Drone x3  
  66  6:47  Hydralisk  
  66  6:48  Hydralisk x4  
  66  6:50  Drone  
  77  6:59  Spore Crawler  
  76  7:02  Spine Crawler  
  76  7:05  Baneling x4  
  76  7:06  Overlord  
  76  7:07  Drone x3  
  79  7:08  Drone  
  79  7:21  Drone x3  
  79  7:22  Overlord  
  82  7:26  Extractor, Drone x6  
  82  7:28  Extractor  
  86  7:31  Hydralisk x2  
  90  7:41  Grooved Spines  
  90  7:44  Lurker x3  
  93  7:55  Drone x2  
  93  7:56  Overlord  
  95  8:00  Lurker x2  
  95  8:03  Hatchery, Overlord  
  96  8:06  Lurker  
  96  8:10  Overlord  
  96  8:11  Drone  
  98  8:16  Overlord  
  98  8:18  Extractor  
  94  8:20  Hydralisk x4  
  94  8:22  Extractor  
  94  8:23  Hydralisk  
  94  8:25  Hydralisk  
  101  8:36  Hydralisk  
  101  8:39  Hydralisk  
  101  8:40  Hydralisk  
  101  8:41  Hydralisk x2  
  103  8:42  Hydralisk  
  103  8:43  Hydralisk  
  103  8:48  Hydralisk  
  113  8:54  Hydralisk x2  
  114  8:56  Overlord  
  114  9:01  Hydralisk  
  116  9:04  Hydralisk x2  
  116  9:08  Hydralisk  
  122  9:14  Hydralisk  
  122  9:20  Hydralisk x3  
  128  9:26  Lurker  
  128  9:29  Lurker  
  128  9:30  Overlord  
  130  9:31  Drone  
  130  9:32  Drone x2  
  130  9:38  Drone x3  
  134  9:41  Infestation Pit  
  135  9:53  Hydralisk x5  
  145  10:05  Hydralisk  
  145  10:06  Hydralisk x2  
  141  10:26  Hydralisk x4  
  141  10:27  Hydralisk  
  141  10:28  Overlord  
  151  10:32  Overlord  
  149  10:40  Hatchery  
  144  10:43  Lurker  
  133  11:01  Hydralisk  
  135  11:22  Hive  
  135  11:24  Spire  
  130  12:03  Hydralisk  
  130  12:04  Hydralisk x19  
  130  12:07  Overlord x3  
  170  12:16  Evolution Chamber  
  170  12:17  Evolution Chamber  
  170  12:21  Overlord  
  168  12:29  Overlord  
  168  12:38  Evolution Chamber  
  168  12:39  Evolution Chamber  
  167  12:47  Overlord  
  167  12:57  Hydralisk  
  167  12:58  Hydralisk x10  
  189  13:16  Hydralisk  
  189  13:17  Hydralisk x4  
Tags
 
Add a new tag
Caveats
  • Supply blocks, unpowered buildings, or Contaminate may cause inaccurate times.
  • Supply counts are checked every 10 seconds.